 Dungeon Crawl Stone Soup version 0.22.1 (webtiles) character file.

61 MalarOregon the Skirmisher (level 4, 0/40 HPs)
             Began as a Hill Orc Fighter on Sept 17, 2018.
             Slain by Natasha (2 damage)
             ... on level 2 of the Dungeon.
             The game lasted 00:02:02 (1153 turns).

MalarOregon the Skirmisher (Hill Orc Fighter)       Turns: 1153, Time: 00:02:03

Health: 0/40       AC:  7    Str: 18    XL:     4   Next: 7%
Magic:  4/4        EV:  7    Int:  9    God:
Gold:   46         SH:  9    Dex: 10    Spells: 3/3 levels left

rFire    + . .     SeeInvis .   a - +0 war axe
rCold    + . .     Gourm    .   c - +0 shield
rNeg     . . .     Faith    .   b - +0 scale mail
rPois    +         Spirit   .   (no helmet)
rElec    +         Reflect  .   (no cloak)
rCorr    +         Harm     .   (no gloves)
MR       .....                  (no boots)
Stlth    ..........             (no amulet)
HPRegen  0.13/turn              (no ring)
MPRegen  0.09/turn              (no ring)

@: resistant, berserk cooldown, slowed, very slow
A: no striking features
a: no special abilities


You were on level 2 of the Dungeon.
You were not hungry.

You visited 1 branch of the dungeon, and saw 2 of its levels.

You collected 46 gold pieces.

Inventory:

Hand Weapons
 a - a +0 war axe (weapon)
Armour
 b - a +0 scale mail (worn)
 c - a +0 shield (worn)
Jewellery
 k - an uncursed ring of protection from fire {unknown}
   (You found it on level 1 of the Dungeon)
Scrolls
 h - 2 scrolls of identify {unknown}
 p - a scroll of enchant armour {unknown}
Potions
 f - a potion of invisibility {unknown}
 i - a potion of degeneration {unknown}
 j - 2 potions of curing {@q1}
 l - a potion of lignification {unknown}
 m - a potion of brilliance {unknown}
 o - a potion of agility {unknown}
Comestibles
 e - 4 rations {!d}


   Skills:
 + Level 4.1 Fighting
 + Level 3.5 Axes
 + Level 3.7 Armour
 + Level 1.0 Dodging
 + Level 3.7 Shields


You had 3 spell levels left.
You didn't know any spells.
Your spell library was empty.

Dungeon Overview and Level Annotations

Branches:
Dungeon (2/15)

Altars:
Ashenzari

Annotations:
D:2 Natasha


Message History

Natasha drinks a potion.
Natasha is healed!
You block the shadow imp's attack. The shadow imp hits you.
Natasha barely misses you. You block the shadow imp's attack.
The shadow imp closely misses you.
You barely miss Natasha.
You hit the shadow imp but do no damage.
You slash the shadow imp!
You kill the shadow imp!
Natasha closely misses you. The shadow imp gestures at you.
Pain shoots through your body!
* * * LOW HITPOINT WARNING * * *
Natasha stares at you and mumbles some strange words.
You feel as though you will be slow longer.
The shadow imp summons a swarm of flies.
You block the shadow imp's attack.
Unknown command.
Your shield and scale mail prevent you from hitting Natasha.
You hit the shadow imp. Natasha claws you but does no damage.
The shadow imp gestures at you. Pain shoots through your body!
* * * LOW HITPOINT WARNING * * *
Natasha closely misses you.
The shadow imp hits you but does no damage.
You block Natasha's attack.
Okay, then.
You closely miss Natasha. You closely miss the shadow imp.
The shadow imp hits you but does no damage.
Natasha howls an incantation.
Natasha's front paws start to glow.
Natasha claws you.
* * * LOW HITPOINT WARNING * * *
The shadow imp hits you but does no damage.
Natasha casts a spell at you. The magic dart hits you!
* * * LOW HITPOINT WARNING * * *
The shadow imp hits you.
* * * LOW HITPOINT WARNING * * *
Unknown command.
You aren't carrying any items that you can evoke.
You barely miss Natasha. You closely miss the shadow imp.
You block Natasha's attack.
The shadow imp hits you but does no damage.
You block Natasha's attack. The shadow imp hits you.
* * * LOW HITPOINT WARNING * * *
Unknown command.
Unknown command.
You hit Natasha but do no damage. You closely miss the shadow imp.
The shadow imp disappears in a puff of smoke!
Natasha claws you.
You die...

#..##..#.#####.. ...
#...#........[.. ..
.#.##.#.#####..
..##+#'#........###..
.#.........#.#......
'...........#######
#......#..#..<.....
#h§..).#..#...####.
#.@....#. #...# .
#......#..'...+ .
######......##>#...####.
.........###...'...'....
########.###.#.#...##...
#...#.#.#...##(## #+#
#...#.#.#...##... #.#
#...#.#.######... #.#
#.......# #)).


You could see Natasha.

Vanquished Creatures
  Natasha (D:2)
  6 bats
  2 giant cockroaches
  6 goblins
  4 hobgoblins (D:1)
  4 jackals (D:1)
  5 kobolds
  2 frilled lizards
  3 rats
33 creatures vanquished.

Notes
Turn   | Place    | Note
-------+----------+-------------------------------------------
     0 | D:1      | MalarOregon the Hill Orc Fighter began the quest for the
                  | Orb.
     0 | D:1      | Reached XP level 1. HP: 19/19 MP: 1/1
    39 | D:1      | Found a shattered altar of Ashenzari.
    90 | D:1      | Reached XP level 2. HP: 15/27 MP: 2/2
   455 | D:1      | Reached XP level 3. HP: 24/33 MP: 3/3
   708 | D:2      | Reached skill level 4 in Fighting
   842 | D:2      | Noticed Natasha
   852 | D:2      | Killed Natasha
   852 | D:2      | Reached skill level 1 in Dodging
   852 | D:2      | Reached XP level 4. HP: 11/40 MP: 4/4
  1138 | D:2      | Noticed Natasha
  1152 | D:2      | HP: 2/40 [shadow imp[Natasha] (4)]
  1153 | D:2      | Slain by Natasha

Skill      XL: |  1  2  3 |
---------------+----------+-----
Axes           | 3 |  3.5
Fighting       | 4 |  4.1
Dodging        | 1 |  1.0
Armour         | |  3.7
Shields        | |  3.7

Action                   |  1- 3 |  4- 6 || total
-------------------------+-------+-------++-------
Melee: War axe           |   104 |     9 ||   113
  Use: Potion            |     1 |     2 ||     3
  Eat: Chunk             |       |     1 ||     1
Armor: Scale mail        |    52 |     8 ||    60
Dodge: Dodged            |    36 |     8 ||    44
Block: Shield            |    78 |    13 ||    91
